 Dungeon Crawl Stone Soup version 0.29.0-11-gd7f09526c8 (webtiles) character file.

Game seed: 6822951679259543466

648 pacmanke6689 the Poker (level 7, 0/60 HPs)
             Began as a Green Draconian Fighter on Sept 2, 2022.
             Slain by a black bear (4 damage)
             ... on level 5 of the Dungeon on Sept 3, 2022.
             The game lasted 00:11:44 (3628 turns).

pacmanke6689 the Poker (Green Draconian Fighter)    Turns: 3628, Time: 00:11:45

Health: 0/60       AC:  9    Str: 18    XL:     7   Next: 27%
Magic:  7/7        EV: 13    Int:  8    God:
Gold:   261        SH:  0    Dex: 13    Spells: 6/6 levels left

rFire   . . .      SeeInvis .   a - +0 trident
rCold   . . .      Faith    .   b - +0 buckler
rNeg    . . .      Spirit   .   (body armour unavailable)
rPois   +          Reflect  .   (helmet restricted)
rElec   .          Harm     .   m - +1 cloak
rCorr   .          Rampage  .   d - +0 pair of gloves
Will    .....      Rage     3%  (no boots)
Stlth   +.........              (no amulet)
HPRegen 0.20/turn               (no ring)
MPRegen 0.10/turn               (no ring)

@: confused, mighty
A: breathe noxious fumes, AC +6, unfitting armour, poison resistance,
cold-blooded, berserk 1
a: Breathe Noxious Fumes


You were on level 5 of the Dungeon.
You visited 1 branch of the dungeon, and saw 5 of its levels.

You collected 261 gold pieces.

Inventory:

Hand Weapons
 a - a +0 trident (weapon)
Armour
 b - a +0 buckler (worn)
 d - a +0 pair of gloves (worn)
 m - a +1 cloak (worn)
Jewellery
 l - a ring of wizardry
Scrolls
 k - a scroll of poison
 n - a scroll of enchant weapon {unknown}
Potions
 e - a potion of lignification
 f - 2 potions of curing
 g - 3 potions of attraction
 i - 2 potions of flight


   Skills:
 + Level 4.5 Fighting
 + Level 6.2 Polearms
 + Level 4.2 Dodging
 + Level 3.9 Shields


You had 6 spell levels left.
You didn't know any spells.
Your spell library contained the following spells:

 Spells                   Type           Power      Damage    Failure   Level
 Confusing Touch          Hex            0%         N/A       86%         3
 Ozocubu's Armour         Ice            0%         N/A       86%         3
 Metabolic Englaciation   Hex/Ice        0%         N/A       100%        5
 Yara's Violent Unravell  Hex/Tmut       0%         3d3       100%        5
 Simulacrum               Ice/Necr       0%         N/A       100%        6
 Enfeeble                 Hex            0%         N/A       100%        7
 Ozocubu's Refrigeration  Ice            0%         4d7       100%        7
 Borgnjor's Revivificati  Necr           0%         N/A       100%        8
 Necromutation            Tmut/Necr      0%         N/A       100%        8
 Death's Door             Necr           0%         N/A       100%        9


Dungeon Overview and Level Annotations

Branches:
Dungeon (5/15)
 Temple: D:4-7

Altars:
Makhleb


Innate Abilities, Weirdness & Mutations

You can breathe blasts of noxious fumes.
Your lurid green scales are hard. (AC +6)
You cannot fit into any form of body armour.
Your system is resistant to poisons. (rPois)
You are cold-blooded and may be slowed by cold attacks.
You sometimes lose your temper in combat.


Message History

The orc wizard casts a spell at you.
You are more confused.
You miss the orc wizard.
The orc wizard is almost dead.
The orc priest closely misses you.
The orc wizard casts a spell.
The orc wizard flickers and vanishes!
Deactivating autopickup; reactivate with Ctrl-A.
The black bear bites you but does no damage.
The black bear barely misses you.
The black bear claws you but does no damage.
You're too confused to move!
The orc priest mumbles some strange prayers to Beogh against you.
Pain shoots through your body!
* * * LOW HITPOINT WARNING * * *
The black bear closely misses you. x2; The black bear misses you.
You hear some strange, mumbled words.
A magic dart appears from out of thin air!
The magic dart hits you.
* * * LOW HITPOINT WARNING * * *
The orc priest completely misses you. Something hits you but does no damage.
The orc priest hits you but does no damage.
The black bear bites you but does no damage.
The black bear claws you.
* * * LOW HITPOINT WARNING * * *
The black bear claws you but does no damage.
Things that are here:
a +0 dagger; an orc corpse You barely miss something.
The orc priest hits you but does no damage.
Something hits you but does no damage. The black bear bites you.
* * * LOW HITPOINT WARNING * * *
The black bear claws you.
* * * LOW HITPOINT WARNING * * *
The black bear misses you.
You bump into the stone wall.
The orc priest hits you but does no damage.
Something hits you but does no damage. The black bear misses you.
The black bear closely misses you. The black bear claws you.
You die...

. ##... . .... .##...
#.#.. #...# ... #..>#
.... #..###....
#@o....... #.h.......
#...####.. #......#.
#........ #.........
#####+########.....<...
........#..##...........
........#...#...........


You could see a black bear and an orc priest.

Vanquished Creatures
  2 black bears (D:4)
  2 ogres
  3 hounds
  An orc priest (D:5)
  An orc wizard (D:4)
  6 adders
  An ufetubus (D:4)
  5 worms
  3 dart slugs
  14 orcs
  4 endoplasms
  A giant cockroach (D:4)
  5 goblins
  2 hobgoblins
  2 kobolds
  3 quokkas
  3 ball pythons
  5 bats
  5 frilled lizards
  9 rats
77 creatures vanquished.

Vanquished Creatures (others)
  2 plants (D:2)
2 creatures vanquished.

Grand Total: 79 creatures vanquished

Notes
Turn   | Place    | Note
-------+----------+-------------------------------------------
     0 | D:1      | pacmanke6689 the Draconian Fighter began the quest for the
                  | Orb.
     0 | D:1      | Reached XP level 1. HP: 19/19 MP: 1/1
   422 | D:1      | Reached XP level 2. HP: 26/26 MP: 2/2
   728 | D:2      | Found a faded altar of an unknown god.
   851 | D:2      | Found a burning altar of Makhleb.
   993 | D:2      | Reached XP level 3. HP: 33/33 MP: 3/3
  1378 | D:2      | Gained mutation: You are covered in fur. (AC +1) [potion of
                  | mutation]
  1378 | D:2      | Gained mutation: Your spells are a little harder to cast,
                  | but a little more powerful. [potion of mutation]
  1378 | D:2      | Gained mutation: You sometimes lose your temper in combat.
                  | [potion of mutation]
  1776 | D:3      | Reached skill level 3 in Polearms
  1820 | D:3      | You fall into a shaft and drop 1 floor!
  1833 | D:4      | Reached XP level 4. HP: 26/40 MP: 4/4
  1858 | D:4      | Lost mutation: Your spells are a little harder to cast, but
                  | a little more powerful. [potion of mutation]
  1858 | D:4      | Lost mutation: You are covered in fur. (AC +1) [potion of
                  | mutation]
  1858 | D:4      | Gained mutation: You have an uncontrollable temper. [potion
                  | of mutation]
  1858 | D:4      | Lost mutation: You have an uncontrollable temper. [potion
                  | of mutation]
  1971 | D:4      | Noticed an ogre
  1980 | D:4      | Killed an ogre
  1981 | D:4      | Reached skill level 4 in Polearms
  1981 | D:4      | Reached XP level 5. HP: 46/46 MP: 5/5
  2584 | D:4      | Noticed a black bear
  2597 | D:4      | Killed a black bear
  2598 | D:4      | Reached skill level 5 in Polearms
  2598 | D:4      | Reached XP level 6. HP: 47/52 MP: 6/6
  3387 | D:5      | Entered Level 5 of the Dungeon
  3413 | D:5      | Reached skill level 6 in Polearms
  3413 | D:5      | Your scales start taking on a lurid green colour.
  3413 | D:5      | Reached XP level 7. HP: 60/60 MP: 7/7
  3413 | D:5      | Gained mutation: Your system is resistant to poisons.
                  | (rPois) [Green Draconian growth]
  3628 | D:5      | Slain by a black bear

Illustrated notes

Levels and vault maps discovered:
D:1:      dpeg_arrival_tiny_j, layout_basic
D:2:      layout_basic, shapermc_ecumenical_altar_mp_ritualfount, basic_altar
D:3:      layout_rooms, chequers_serial_rivers_small_a, minmay_misc_feat_plants
D:4:      layout_gridville
D:5:      lemuel_insect_pit, layout_cave_pools

Skill      XL: |  1  2  3  4  5  6 |
---------------+-------------------+-----
Dodging        | 3 4 |  4.2
Polearms       | 3 4 5 6 |  6.2
Fighting       | 4 |  4.5
Shields        | |  3.9

Action                   |  1- 3 |  4- 6 |  7- 9 || total
-------------------------+-------+-------+-------++-------
Melee: Trident           |   122 |   138 |    43 ||   303
       Tailslap          |    14 |    11 |     5 ||    30
  Use: Scroll            |     7 |     5 |       ||    12
       Potion            |     1 |     1 |     2 ||     4
 Stab: Sleeping          |       |     1 |       ||     1
Armor: Skin              |    39 |    68 |    34 ||   141
Dodge: Dodged            |    66 |    84 |    44 ||   194
Block: Buckler           |    17 |    29 |    13 ||    59
